[ AOE2 MATCH · #505593688 ]
UnrankedPortuguese vs Poles
Player's team · LOSS
Rival team · WIN
[ REPLAY ANALYSIS · EXTRACTED FROM THE RECORDED GAME ]
Feudal
9:29
Castle
13:21
Imperial
30:27
| APM avg | 42.7 |
| APM peak | 81 |
| eAPM avg | 20.6 |
| Villagers / military | 94 / 61 |
Focus
⚔️ 35.3% · 🌾 64.7%
Bombard Cannon ×23 · Spearman ×21 · Monk ×9 · Mangonel ×4 · Trebuchet (Packed) ×2 · Scorpion ×1
Feudal
8:51
Castle
20:33
Imperial
31:50
| APM avg | 57.2 |
| APM peak | 125 |
| eAPM avg | 26.2 |
| Villagers / military | 149 / 191 |
Focus
⚔️ 36.8% · 🌾 63.2%
Scout Cavalry ×113 · Archer ×47 · Bombard Cannon ×21 · Petard ×5 · Mangonel ×3 · Battering Ram ×2
Match map
Initial resources + every placement click. Lines = walls · curves = elevation contours. ◆ gold · ⬟ stone · ● berries · ✦ relic · ◌ wall gap
Your base· ✓ Closed at 13:21 · 28t walls · 2 gate(s) · fragile
LE | Asav's base· ✓ Closed at 20:33 · 3t walls · 2 gate(s)
Smoothed initial terrain · ◌ = detected wall gap · hover for details
Inputs per minute
— Player46887455 - - LE | Asav
Build order — Player46887455
First 150 of 304 actions detected
| 0:01 | Queue | Villager (Male) |
| 0:01 | Queue | Villager (Male) |
| 0:01 | Queue | Villager (Male) |
| 0:02 | Build | House |
| 0:02 | Build | House |
| 0:09 | Queue | Villager (Male) |
| 0:10 | Queue | Villager (Male) |
| 1:31 | Queue | Villager (Male) |
| 2:07 | Queue | Villager (Male) |
| 2:07 | Queue | Villager (Male) |
| 2:07 | Queue | Villager (Male) |
| 2:09 | Queue | Villager (Male) |
| 2:09 | Queue | Villager (Male) |
| 2:09 | Queue | Villager (Male) |
| 2:14 | Build | Lumber Camp |
| 2:24 | Queue | Villager (Male) |
| 2:24 | Queue | Villager (Male) |
| 2:24 | Queue | Villager (Male) |
| 3:15 | Queue | Villager (Male) |
| 3:15 | Queue | Villager (Male) |
| 3:16 | Queue | Villager (Male) |
| 3:16 | Queue | Villager (Male) |
| 3:16 | Queue | Villager (Male) |
| 3:54 | Build | House |
| 4:01 | Queue | Villager (Male) |
| 4:05 | Build | House |
| 4:07 | Build | House |
| 4:09 | Queue | Villager (Male) |
| 4:09 | Queue | Villager (Male) |
| 4:09 | Queue | Villager (Male) |
| 4:57 | Queue | Villager (Male) |
| 4:57 | Queue | Villager (Male) |
| 4:58 | Queue | Villager (Male) |
| 4:58 | Queue | Villager (Male) |
| 4:58 | Queue | Villager (Male) |
| 5:04 | Queue | Villager (Male) |
| 5:05 | Queue | Villager (Male) |
| 5:52 | Build | Mill |
| 6:32 | Build | Farm |
| 6:35 | Queue | Villager (Male) |
| 7:02 | Build | Mining Camp |
| 7:04 | Queue | Villager (Male) |
| 7:19 | Research | Feudal Age |
| 7:19 | Research | Loom |
| 7:25 | Build | Mining Camp |
| 9:29 | Age | Feudal Age |
| 9:31 | Build | Market |
| 9:33 | Build | Blacksmith |
| 9:53 | Queue | Villager (Male) |
| 10:08 | Build | Palisade Wall |
| 10:36 | Build | Palisade Wall |
| 10:41 | Research | Castle Age |
| 10:55 | Build | Palisade Wall |
| 11:16 | Research | Double-Bit Axe |
| 11:25 | Build | Palisade Wall |
| 12:00 | Research | Horse Collar |
| 12:43 | Build | Palisade Wall |
| 13:07 | Queue | Villager (Male) |
| 13:21 | Age | Castle Age |
| 13:27 | Build | Siege Workshop |
| 13:32 | Research | Bow Saw |
| 13:34 | Queue | Villager (Male) |
| 13:34 | Queue | Villager (Male) |
| 13:34 | Queue | Villager (Male) |
| 14:03 | Queue | Villager (Male) |
| 14:10 | Queue | Mangonel |
| 14:11 | Queue | Mangonel |
| 14:16 | Queue | Villager (Male) |
| 14:16 | Queue | Villager (Male) |
| 14:16 | Queue | Villager (Male) |
| 14:42 | Build | Farm |
| 14:44 | Queue | Villager (Male) |
| 14:44 | Queue | Villager (Male) |
| 14:44 | Queue | Villager (Male) |
| 14:49 | Build | Farm |
| 14:55 | Queue | Mangonel |
| 15:09 | Build | Farm |
| 15:36 | Queue | Villager (Male) |
| 15:57 | Queue | Villager (Male) |
| 15:57 | Queue | Villager (Male) |
| 15:57 | Queue | Villager (Male) |
| 16:07 | Build | Farm |
| 16:08 | Build | Farm |
| 16:09 | Build | Farm |
| 16:28 | Build | Gate |
| 16:50 | Build | Farm |
| 17:01 | Build | House |
| 17:06 | Build | Farm |
| 17:08 | Queue | Villager (Male) |
| 17:08 | Queue | Villager (Male) |
| 17:32 | Build | House |
| 17:37 | Queue | Villager (Male) |
| 17:37 | Queue | Villager (Male) |
| 17:59 | Queue | Villager (Male) |
| 17:59 | Queue | Villager (Male) |
| 17:59 | Queue | Villager (Male) |
| 17:59 | Queue | Villager (Male) |
| 18:15 | Queue | Villager (Male) |
| 18:15 | Queue | Villager (Male) |
| 18:16 | Queue | Villager (Male) |
| 18:39 | Queue | Villager (Male) |
| 18:42 | Queue | Scorpion |
| 18:55 | Queue | Villager (Male) |
| 18:59 | Build | Barracks |
| 19:04 | Build | Farm |
| 19:30 | Queue | Villager (Male) |
| 19:37 | Queue | Spearman |
| 19:48 | Build | Monastery |
| 19:56 | Queue | Spearman |
| 19:57 | Build | Farm |
| 19:58 | Build | Farm |
| 20:08 | Queue | Villager (Male) |
| 20:10 | Build | House |
| 20:26 | Build | House |
| 20:27 | Queue | Monk |
| 20:30 | Queue | Villager (Male) |
| 20:30 | Queue | Villager (Male) |
| 20:30 | Queue | Villager (Male) |
| 20:39 | Build | House |
| 20:48 | Queue | Spearman |
| 20:48 | Queue | Spearman |
| 20:59 | Queue | Monk |
| 21:08 | Build | Lumber Camp |
| 21:16 | Build | Monastery |
| 21:23 | Queue | Spearman |
| 21:23 | Queue | Spearman |
| 21:27 | Queue | Villager (Male) |
| 21:29 | Build | House |
| 21:30 | Build | House |
| 21:48 | Queue | Mangonel |
| 21:50 | Queue | Villager (Male) |
| 21:54 | Build | Outpost |
| 22:03 | Queue | Villager (Male) |
| 22:08 | Build | Farm |
| 22:10 | Build | Farm |
| 22:20 | Queue | Villager (Male) |
| 22:30 | Research | Redemption |
| 22:38 | Queue | Villager (Male) |
| 22:38 | Queue | Villager (Male) |
| 22:48 | Queue | Villager (Male) |
| 22:58 | Build | House |
| 23:01 | Research | Sanctity |
| 23:07 | Queue | Villager (Male) |
| 23:09 | Build | House |
| 23:20 | Build | House |
| 23:22 | Queue | Monk |
| 23:22 | Queue | Monk |
| 23:22 | Queue | Monk |
| 23:29 | Research | Gold Mining |
| 23:35 | Build | Farm |
Build order — LE | Asav
First 150 of 565 actions detected
| 0:00 | Queue | Villager (Male) |
| 0:01 | Queue | Villager (Male) |
| 0:01 | Queue | Villager (Male) |
| 0:02 | Build | House |
| 0:04 | Build | House |
| 0:31 | Queue | Villager (Male) |
| 0:32 | Queue | Villager (Male) |
| 1:24 | Queue | Villager (Male) |
| 1:24 | Queue | Villager (Male) |
| 1:50 | Build | Lumber Camp |
| 1:59 | Queue | Villager (Male) |
| 2:00 | Queue | Villager (Male) |
| 2:25 | Queue | Villager (Male) |
| 3:06 | Queue | Villager (Male) |
| 3:06 | Queue | Villager (Male) |
| 3:32 | Queue | Villager (Male) |
| 3:36 | Build | Mill |
| 4:07 | Queue | Villager (Male) |
| 4:08 | Queue | Villager (Male) |
| 4:08 | Queue | Villager (Male) |
| 4:18 | Queue | Villager (Male) |
| 5:18 | Queue | Villager (Male) |
| 5:19 | Queue | Villager (Male) |
| 5:20 | Research | Loom |
| 6:27 | Research | Feudal Age |
| 6:52 | Build | Mining Camp |
| 6:54 | Build | Palisade Wall |
| 6:55 | Build | Palisade Wall |
| 7:08 | Queue | Villager (Male) |
| 8:22 | Queue | Villager (Male) |
| 8:43 | Build | House |
| 8:51 | Age | Feudal Age |
| 8:52 | Build | Watch Tower |
| 9:11 | Queue | Villager (Male) |
| 9:12 | Research | Double-Bit Axe |
| 9:16 | Build | Blacksmith |
| 9:31 | Build | House |
| 9:54 | Queue | Villager (Male) |
| 10:23 | Queue | Villager (Male) |
| 10:51 | Queue | Villager (Male) |
| 10:51 | Queue | Villager (Male) |
| 11:11 | Queue | Villager (Male) |
| 11:19 | Build | Lumber Camp |
| 11:46 | Build | Watch Tower |
| 11:50 | Queue | Villager (Male) |
| 11:50 | Queue | Villager (Male) |
| 11:52 | Research | Horse Collar |
| 11:59 | Queue | Villager (Male) |
| 12:03 | Build | Outpost |
| 12:04 | Build | Outpost |
| 12:10 | Queue | Villager (Male) |
| 12:22 | Build | Farm |
| 12:45 | Queue | Villager (Male) |
| 12:49 | Build | Farm |
| 13:07 | Queue | Villager (Male) |
| 13:10 | Build | Farm |
| 13:12 | Build | Farm |
| 13:29 | Build | House |
| 13:33 | Build | Watch Tower |
| 13:37 | Research | Town Watch |
| 13:50 | Queue | Villager (Male) |
| 13:50 | Queue | Villager (Male) |
| 13:56 | Build | Farm |
| 14:10 | Queue | Villager (Male) |
| 14:13 | Research | Fletching |
| 14:22 | Queue | Villager (Male) |
| 14:31 | Build | Farm |
| 14:44 | Queue | Villager (Male) |
| 14:52 | Queue | Villager (Male) |
| 14:57 | Build | Mill |
| 15:06 | Build | House |
| 15:06 | Build | House |
| 15:17 | Build | Farm |
| 15:17 | Build | Farm |
| 15:20 | Build | Farm |
| 15:42 | Research | Wheelbarrow |
| 16:00 | Build | Palisade Wall |
| 16:02 | Queue | Villager (Male) |
| 16:04 | Build | Farm |
| 16:14 | Build | Market |
| 16:40 | Build | Farm |
| 16:42 | Queue | Villager (Male) |
| 16:52 | Build | Outpost |
| 16:56 | Build | Outpost |
| 16:59 | Build | Outpost |
| 17:00 | Build | Outpost |
| 17:02 | Build | Outpost |
| 17:15 | Build | Farm |
| 17:22 | Build | Outpost |
| 17:26 | Build | Outpost |
| 17:27 | Build | Outpost |
| 17:30 | Build | Outpost |
| 17:40 | Build | Farm |
| 17:53 | Research | Castle Age |
| 20:20 | Queue | Villager (Male) |
| 20:33 | Age | Castle Age |
| 20:37 | Build | Siege Workshop |
| 20:41 | Queue | Villager (Male) |
| 20:45 | Build | Town Center |
| 20:49 | Research | Heavy Plow |
| 20:50 | Research | Bow Saw |
| 20:57 | Queue | Villager (Male) |
| 21:01 | Queue | Mangonel |
| 21:23 | Build | University |
| 21:28 | Research | Stone Mining |
| 21:31 | Build | Watch Tower |
| 21:36 | Build | Watch Tower |
| 21:44 | Queue | Villager (Male) |
| 21:44 | Queue | Villager (Male) |
| 21:45 | Build | Lumber Camp |
| 21:50 | Queue | Villager (Male) |
| 22:06 | Queue | Villager (Male) |
| 22:27 | Queue | Villager (Male) |
| 22:27 | Queue | Villager (Male) |
| 22:30 | Queue | Villager (Male) |
| 22:34 | Build | Mill |
| 22:53 | Queue | Villager (Male) |
| 22:53 | Queue | Villager (Male) |
| 22:58 | Build | Lumber Camp |
| 23:07 | Research | Bodkin Arrow |
| 23:07 | Research | Bodkin Arrow |
| 23:15 | Queue | Villager (Male) |
| 23:20 | Queue | Villager (Male) |
| 23:20 | Queue | Villager (Male) |
| 23:24 | Build | Farm |
| 23:25 | Build | Farm |
| 23:25 | Build | Farm |
| 23:25 | Build | Farm |
| 23:25 | Build | Farm |
| 23:25 | Build | Farm |
| 23:34 | Research | Guard Tower (upgrade) |
| 23:40 | Build | Farm |
| 23:46 | Queue | Villager (Male) |
| 23:48 | Build | Farm |
| 23:56 | Build | Farm |
| 24:08 | Build | House |
| 24:08 | Build | House |
| 24:09 | Build | House |
| 24:27 | Queue | Villager (Male) |
| 24:28 | Queue | Villager (Male) |
| 24:46 | Queue | Villager (Male) |
| 24:46 | Queue | Villager (Male) |
| 25:05 | Queue | Villager (Male) |
| 25:05 | Queue | Villager (Male) |
| 25:05 | Queue | Villager (Male) |
| 25:05 | Queue | Villager (Male) |
| 25:07 | Build | House |
| 25:07 | Build | House |
| 25:08 | Build | House |
| 25:08 | Build | House |
Match timeline
| 6:54 | LE | Asav · wall_segment Palisade Wall x1 |
| 6:55 | LE | Asav · wall_segment Palisade Wall x1 |
| 8:51 | LE | Asav · age_up feudal |
| 9:29 | Player46887455 · age_up feudal |
| 10:08 | Player46887455 · wall_segment Palisade Wall x13 |
| 10:24 | Player46887455 · first_market_sell 100 stone |
| 10:24 | Player46887455 · first_market_buy 100 food |
| 10:36 | Player46887455 · wall_segment Palisade Wall x8 |
| 10:55 | Player46887455 · wall_segment Palisade Wall x5 |
| 11:25 | Player46887455 · wall_segment Palisade Wall x1 |
| 12:43 | Player46887455 · wall_segment Palisade Wall x1 |
| 13:21 | Player46887455 · age_up castle |
| 13:27 | Player46887455 · first_building Siege Workshop |
| 16:00 | LE | Asav · wall_segment Palisade Wall x1 |
| 17:52 | LE | Asav · first_market_sell 100 food |
| 18:59 | Player46887455 · first_building Barracks |
| 19:48 | Player46887455 · first_building Monastery |
| 20:33 | LE | Asav · age_up castle |
| 20:37 | LE | Asav · first_building Siege Workshop |
| 28:27 | LE | Asav · first_building Barracks |
| 29:12 | LE | Asav · first_building Archery Range |
| 30:02 | Player46887455 · wall_segment Stone Wall x10 |
| 30:13 | Player46887455 · wall_segment Stone Wall x17 |
| 30:27 | Player46887455 · age_up imperial |
| 31:03 | Player46887455 · wall_segment Stone Wall x1 |
| 31:35 | Player46887455 · wall_segment Stone Wall x1 |
| 31:35 | Player46887455 · wall_segment Stone Wall x1 |
| 31:35 | Player46887455 · wall_segment Stone Wall x1 |
| 31:36 | Player46887455 · wall_segment Stone Wall x2 |
| 31:36 | Player46887455 · wall_segment Stone Wall x1 |
| 31:37 | Player46887455 · wall_segment Stone Wall x1 |
| 31:37 | Player46887455 · wall_segment Stone Wall x2 |
| 31:37 | Player46887455 · wall_segment Stone Wall x1 |
| 31:37 | Player46887455 · wall_segment Stone Wall x1 |
| 31:37 | Player46887455 · wall_segment Stone Wall x1 |
| 31:50 | LE | Asav · age_up imperial |
| 32:28 | LE | Asav · first_building Castle |
| 32:31 | Player46887455 · wall_segment Stone Wall x9 |
| 32:36 | Player46887455 · wall_segment Stone Wall x5 |
| 33:24 | Player46887455 · first_building Castle |
| 34:50 | LE | Asav · first_building Stable |
| 34:57 | Player46887455 · wall_segment Stone Wall x10 |
| 35:01 | Player46887455 · wall_segment Stone Wall x9 |
| 39:23 | Player46887455 · wall_segment Stone Wall x5 |
| 43:28 | Player46887455 · wall_segment Stone Wall x1 |
[ AI ANALYSIS · 1 CREDIT ]
What really happened in this match?
Wolo.gg analyzes every decision: build order, eco, micro, common mistakes by bracket. Personalized analysis on WhatsApp or Discord in 30 seconds.
Civ guide
Portuguese
Perfil
Jugador #25495124